AoeStats
← Jeffrey Epsteins urologist

Hideout

510000642Analyzed
1v1 RM · 3d ago on Sep 29, 2026· 33m 54s· 2 players
Game mode
Random Map
Map size
Tiny (2 player)
Population
200
Speed
Normal
Resources
Standard
Victory
Conquest
Starting age
Dark Age
Ending age
Imperial Age
RankedLock teamsTeams togetherTeam positionsShared explorationLock speedFull tech treeHidden civsTurbo modeCheats
Victory
Defeat
937
+14
🇲🇽 Varangians · Mexico
892
-14
leonhartbk
12:12 Feudal Age
13:44 Wheelbarrow
13:16 Loom
15:19 Fletching
22:03 Castle Age
23:00 Bloodlines
23:20 Scale Barding Armor
23:57 Forging
24:00 Husbandry
26:18 Chain Barding Armor
32:04 Town Watch
Jeffrey Epsteins urologist
7:21 Loom
9:44 Feudal Age
10:24 Double-Bit Axe
13:48 Fletching
17:46 Padded Archer Armor
19:04 Horse Collar
20:19 Wheelbarrow
23:35 Castle Age
22:19 Gold Mining
22:57 Scale Mail Armor
23:14 Forging
24:30 Thumb Ring
24:36 Crossbowman
26:42 Bodkin Arrow
28:39 Leather Archer Armor
33:39 Scale Barding Armor
34:43 Chain Barding Armor
Connection lost

Rejoining the realm…

Still unreachable

The connection could not be restored.

Session expired

The server has moved on; the page needs a fresh start.